 Dungeon Crawl Stone Soup version 0.23-a0-444-g76343ca (webtiles) character file.

222 smeego the Skirmisher (level 5, -3/47 HPs)
             Began as a Hill Orc Fighter on Nov 17, 2018.
             Was a Follower of Ashenzari.
             Slain by an ogre
             ... wielding a +0 giant spiked club
              (4 damage)
             ... on level 5 of the Dungeon.
             The game lasted 00:11:41 (3585 turns).

smeego the Skirmisher (Hill Orc Fighter)            Turns: 3585, Time: 00:11:41

Health: -3/47      AC: 18    Str: 20      XL:     5   Next: 99%
Magic:  5/5        EV:  6    Int:  8      God:    Ashenzari [*.....]
Gold:   162        SH:  0    Dex:  8 (13) Spells: 4/4 levels left

rFire    . . .     SeeInvis .   i - +1 bardiche
rCold    . . .     Gourm    .   (shield currently unavailable)
rNeg     . . .     Faith    .   o - +0 plate armour (curse)
rPois    .         Spirit   .   A - +0 helmet (curse)
rElec    .         Reflect  .   (no cloak)
rCorr    .         Harm     .   (no gloves)
MR       .....                  (no boots)
Stlth    ..........             (no amulet)
HPRegen  0.15/turn              e - +3 ring of dexterity
MPRegen  0.09/turn              k - +5 ring of protection

@: no status effects
A: no striking features
a: Curse Item, Scrying, Renounce Religion


You were on level 5 of the Dungeon.
You worshipped Ashenzari.
Ashenzari was aware of your devotion.
You were not hungry.

You visited 1 branch of the dungeon, and saw 6 of its levels.

You collected 162 gold pieces.

Inventory:

Hand Weapons
 a - a +0 long sword
 i - a +1 bardiche (weapon)
Missiles
 j - 4 javelins (quivered)
Armour
 b - a +0 scale mail
 c - a +0 shield
 m - a +0 chain mail
 o - a cursed +0 plate armour (worn)
 A - a cursed +0 helmet (worn)
Jewellery
 e - a +3 ring of dexterity (left hand)
 k - a +5 ring of protection (right hand)
 r - an uncursed ring of resist corrosion
 y - a +1 ring of evasion
Wands
 s - a wand of enslavement (11)
Scrolls
 g - a scroll of magic mapping
 h - 3 scrolls of enchant armour {unknown}
 l - a scroll of immolation {unknown}
 n - 2 scrolls of remove curse
 p - a scroll of fear {unknown}
 q - a scroll of amnesia {unknown}
 t - 2 scrolls of identify {unknown}
Potions
 w - 3 potions of curing {unknown}
 x - a potion of invisibility
 z - 2 potions of mutation {unknown}
Comestibles
 f - 6 rations


   Skills:
 + Level 4.7 Fighting
 - Level 4.2 Long Blades
 * Level 1.0 Polearms
 + Level 4.3 Armour
 + Level 0.3 Dodging
 - Level 4.2 Shields


You had 4 spell levels left.
You didn't know any spells.
Your spell library was empty.

Dungeon Overview and Level Annotations

Branches:
Dungeon (6/15)
 Temple: D:4-7

Altars:
Ashenzari

Shops:
D:5 :


Message History

The ogre is lightly wounded.
The ogre hits you with a +0 giant spiked club!
A jackal skeleton comes into view.
You slice the ogre!!
The ogre is severely wounded.
The ogre barely misses you.
Your plate armour prevents you from hitting the ogre.
The ogre is severely wounded.
The ogre hits you but does no damage. The ogre barely misses you.
You hit the ogre.
The ogre is almost dead.
The ogre hits you with a +0 giant spiked club!!
* * * LOW HITPOINT WARNING * * *
The jackal skeleton bites you.
* * * LOW HITPOINT WARNING * * *
Your plate armour prevents you from hitting the ogre.
The ogre is almost dead.
The jackal skeleton bites you but does no damage.
The ogre hits you with a +0 giant spiked club.
You die...

##### #....
#######
####
##.....## #
##<......##
#
#.........#
#.........#
#@O........
#Z.........
#..........
#.%.<.....#
#..........
#.......(.#
#..........
#.........#


You could see an ogre and a jackal skeleton.

Vanquished Creatures
  A quasit (D:6)
  Terence (D:3)
  A worker ant (D:6)
  Robin (D:4)
  4 adders
  2 oozes
  3 worms
  2 dart slugs (D:2)
  2 leopard geckos
  5 orcs
  3 bats
  2 giant cockroaches
  12 goblins
  10 hobgoblins
  6 jackals
  A quokka (D:4)
  A ball python (D:3)
  3 frilled lizards (D:2)
  3 kobolds
  A leopard gecko skeleton (D:4)
  3 rats
67 creatures vanquished.

Notes
Turn   | Place    | Note
-------+----------+-------------------------------------------
     0 | D:1      | smeego the Hill Orc Fighter began the quest for the Orb.
     0 | D:1      | Reached XP level 1. HP: 19/19 MP: 1/1
   299 | D:1      | Reached XP level 2. HP: 27/27 MP: 2/2
   693 | D:2      | Reached XP level 3. HP: 23/33 MP: 3/3
   990 | D:2      | Reached XP level 4. HP: 40/40 MP: 4/4
  1344 | D:3      | Found a shattered altar of Ashenzari.
  1356 | D:3      | Became a worshipper of Ashenzari the Shackled
  1401 | D:3      | You fall through a shaft for 3 floors!
  1948 | D:6      | Reached XP level 5. HP: 38/47 MP: 5/5
  1984 | D:6      | Noticed an orc warrior
  1997 | D:5      | Entered Level 5 of the Dungeon
  1997 | D:5      | Found Bynicym's Book Shoppe.
  2042 | D:3      | Noticed Robin
  2467 | D:4      | Reached * piety under Ashenzari
  2721 | D:4      | Killed Robin
  3070 | D:3      | Noticed Terence
  3087 | D:3      | Killed Terence
  3532 | D:3      | Reached skill level 1 in Polearms
  3567 | D:5      | Noticed an ogre
  3584 | D:5      | HP: 2/47 [ogre/+0 giant spiked club (20)]
  3585 | D:5      | Slain by an ogre

Vault maps used:
D:1:      saegor_arrival_simple_d
D:2:      minivault_23, grunt_decor_clamped
D:3:      lemuel_doored_altar, uniq_terence, uniq_robin
D:5:      grunt_qazlal_sundering, okawaru_trees_2, overflow_temple_1_default,
          minmay_temple_entry_ruins, serial_shops, shop,
          nicolae_shop_statue_plus, first_ration, minivault_14, uniq_ijyb
D:6:      lemuel_coloured_pillars_altar, minmay_between, uniq_eustachio

Skill      XL: |  1  2  3  4  5 |
---------------+----------------+-----
Long Blades    | 3 4 |  4.2
Fighting       | 4 |  4.7
Shields        | 4 |  4.2
Armour         | 4 |  4.3
Polearms       | 1 |  1.0
Dodging        | |  0.3

Action                   |  1- 3 |  4- 6 || total
-------------------------+-------+-------++-------
Melee: Long sword        |    92 |   270 ||   362
       Bardiche          |       |    46 ||    46
  Use: Potion            |       |     5 ||     5
       Scroll            |       |     2 ||     2
  Eat: Chunk             |       |     5 ||     5
       Ration            |       |     2 ||     2
Armor: Scale mail        |     1 |       ||     1
       Chain mail        |    28 |       ||    28
       Plate armour      |    20 |   426 ||   446
Dodge: Dodged            |    27 |    85 ||   112
Block: Shield            |    55 |   223 ||   278
       Rpst.: Long sword |    13 |    12 ||    25

Table legend:
 A = Non-vault XP
 B = Vault XP
 C = Vault XP percentage of total XP
 D = Non-vault monster count
 E = Vault monster count
 F = Vault count percentage of total count
                 A         B        C        D         E       F
            +---------+---------+-------+---------+---------+-------
      Total |     248 |      70 |  22.0 |      55 |      12 |  17.9
            +---------+---------+-------+---------+---------+-------
        D:1 |      16 |       0 |   0.0 |       9 |       0 |   0.0
        D:2 |      84 |       0 |   0.0 |      22 |       0 |   0.0
        D:3 |      34 |      43 |  55.8 |       8 |       4 |  33.3
        D:4 |      28 |      27 |  49.1 |      12 |       8 |  40.0
        D:6 |      86 |       0 |   0.0 |       4 |       0 |   0.0
            +---------+---------+-------+---------+---------+-------
